 Dungeon Crawl Stone Soup version 0.23.0-3-gf3c87f2 (webtiles) character file.

Game seed: 10105819566056701457

310 zishaf the Skirmisher (level 6, 0/50 HPs)
             Began as a Human Wanderer on Feb 20, 2019.
             Was an Initiate of the Shining One.
             Succumbed to a worker ant's poison
             ... on level 4 of the Dungeon.
             The game lasted 00:07:23 (3842 turns).

zishaf the Skirmisher (Human Wanderer)              Turns: 3842, Time: 00:07:23

Health: 0/50       AC:  7    Str: 10 (12) XL:     6   Next: 70%
Magic:  6/6        EV:  8    Int: 11 (14) God:    the Shining One [......]
Gold:   145        SH:  8    Dex: 11 (13) Spells: 5/5 levels left

rFire    + . .     SeeInvis .   a - +2 spear
rCold    . . .     Gourm    .   n - +0 shield
rNeg     . . .     Faith    .   c - +0 ring mail
rPois    .         Spirit   .   (no helmet)
rElec    .         Reflect  .   o - scarf {cloud immunity}
rCorr    .         Harm     .   u - +0 pair of gloves
MR       .....                  (no boots)
Stlth    ..........             (no amulet)
HPRegen  0.16/turn              t - ring of protection from fire
MPRegen  0.10/turn              (no ring)

@: lethally poisoned (0 -> -6), glowing
A: no striking features
a: Renounce Religion


You were on level 4 of the Dungeon.
You worshipped the Shining One.
The Shining One was noncommittal.
You were not hungry.

You visited 1 branch of the dungeon, and saw 4 of its levels.

You collected 145 gold pieces.

Inventory:

Hand Weapons
 a - a +2 spear (weapon)
 b - a +0 hunting sling
 f - a +0 mace
Missiles
 g - 102 stones (quivered)
 j - 36 sling bullets
 p - 10 poisoned needles
Armour
 c - a +0 ring mail (worn)
 n - a +0 shield (worn)
 o - a scarf of cloud immunity (worn)
 u - a +0 pair of gloves (worn)
Jewellery
 t - a ring of protection from fire (left hand)
Wands
 m - a wand of polymorph (10)
Scrolls
 e - 2 scrolls of blinking {unknown}
 i - 8 scrolls of identify {unknown}
 l - a scroll of enchant weapon {unknown}
 q - 2 scrolls of amnesia {unknown}
 r - a scroll of remove curse {unknown}
 v - 2 scrolls of immolation {unknown}
 y - a scroll of magic mapping {unknown}
 E - a scroll of enchant armour {unknown}
 G - a scroll of fog {unknown}
Potions
 h - a potion of magic {unknown}
 k - a potion of berserk rage {unknown}
 s - a potion of might {unknown}
 w - a potion of degeneration
 x - a potion of mutation {unknown}
 z - a potion of flight {unknown}
 A - 2 potions of heal wounds {unknown}
 B - a potion of cancellation {unknown}
 C - a potion of agility {unknown}
 D - 2 potions of ambrosia {unknown}
Comestibles
 d - 7 rations


   Skills:
 + Level 4.8 Fighting
 + Level 2.3 Polearms
 + Level 1.9 Slings
 + Level 4.7 Armour
 + Level 2.4 Dodging
 + Level 2.9 Shields


You had 5 spell levels left.
You didn't know any spells.
Your spell library was empty.

Dungeon Overview and Level Annotations

Branches:
Dungeon (4/15)
 Temple: D:4-7

Altars:
Ashenzari
Elyvilon
Gozag
Nemelex Xobeh
Uskayaw
Vehumet
Wu Jian
The Shining One


Message History

The worker ant bites you but does no damage.
You block the worker ant's attack.
You hit the worker ant.
The worker ant is severely wounded.
* * * LOW HITPOINT WARNING * * *
You feel sick.
The worker ant bites you but does no damage.
You hit the worker ant.
The worker ant is almost dead.
* * * LOW HITPOINT WARNING * * *
You feel sick. The worker ant bites you.
* * * LOW HITPOINT WARNING * * *
You puncture the worker ant!
You kill the worker ant!
* * * LOW HITPOINT WARNING * * *
You feel sick. You block the adder's attack.
It was a potion of degeneration.
There was something very wrong with that liquid.
You feel weakened.
You feel dopey.
You feel clumsy.
You die...

##..†## ....# ##.#.....#.....#
.............# ##.###..##.#....
#..# # # #.###..# #......#
#####S## ########## #@#
.........# #.#
.#######.#######.# ##### .#
#......##.# #########...# .#
#####.)....##.# #...........#
.###..........##.###.#######...#
..............#..........# ##.##
####.####..........#.###.#
##.### #.######..........#
#.###....#


You could see an adder.

Vanquished Creatures
  A phantom (D:4)
  A hound (D:4)
  2 worker ants (D:4)
  A hound skeleton (D:4)
  4 adders
  An ooze (D:4)
  An adder zombie (D:4)
  3 worms (D:2)
  3 dart slugs
  2 leopard geckos (D:3)
  An orc (D:3)
  8 bats
  4 giant cockroaches
  4 hobgoblins
  5 jackals
  2 quokkas (D:3)
  5 frilled lizards
  8 goblins
  A jackal skeleton (D:4)
  2 kobolds
  23 rats
82 creatures vanquished.

Notes
Turn   | Place    | Note
-------+----------+-------------------------------------------
     0 | D:1      | zishaf the Human Wanderer began the quest for the Orb.
     0 | D:1      | zishaf set off with the following items: a +2 spear, a +0
                  | mace, a +0 ring mail, a ration
     0 | D:1      | Reached XP level 1. HP: 19/19 MP: 1/1
   115 | D:1      | Reached XP level 2. HP: 14/25 MP: 2/2
   647 | D:1      | You fall through a shaft!
   659 | D:2      | Reached skill level 1 in Polearms
   659 | D:2      | Reached skill level 1 in Dodging
   659 | D:2      | Reached XP level 3. HP: 19/30 MP: 3/3
   787 | D:2      | Found a white marble altar of Elyvilon.
   798 | D:2      | Became a worshipper of Elyvilon the Healer
  1204 | D:2      | Found an ornate altar of the Wu Jian Council.
  1300 | D:2      | Found a shattered altar of Ashenzari.
  1446 | D:2      | Reached XP level 4. HP: 37/37 MP: 4/4
  1968 | D:3      | Found a sparkling altar of Nemelex Xobeh.
  2065 | D:3      | Found a hide-covered altar of Uskayaw.
  2210 | D:3      | Reached * piety under Elyvilon
  2340 | D:3      | Reached XP level 5. HP: 43/43 MP: 5/5
  2456 | D:3      | Reached skill level 1 in Slings
  2503 | D:3      | Found a radiant altar of Vehumet.
  2637 | D:4      | Found an opulent altar of Gozag.
  2986 | D:4      | Found a glowing golden altar of the Shining One.
  3003 | D:4      | Noticed a phantom
  3015 | D:4      | Fell from the grace of Elyvilon
  3015 | D:4      | Became a worshipper of the Shining One
  3101 | D:4      | Killed a phantom
  3101 | D:4      | Reached XP level 6. HP: 5/49 MP: 6/6
  3840 | D:4      | HP: 2/50 [worker ant (5)]
  3842 | D:4      | Succumbed to a worker ant's poison

Skill      XL: |  1  2  3  4  5 |
---------------+----------------+-----
Polearms       | 1 2 |  2.3
Dodging        | 1 2 |  2.4
Slings         | 1 |  1.9
Fighting       | |  4.8
Armour         | |  4.7
Shields        | |  2.9

Action                   |  1- 3 |  4- 6 || total
-------------------------+-------+-------++-------
Melee: Spear             |    96 |   209 ||   305
 Fire: Hunting sling     |    15 |    64 ||    79
  Use: Potion            |       |     1 ||     1
  Eat: Chunk             |     2 |     4 ||     6
       Ration            |       |     1 ||     1
Armor: Ring mail         |    26 |    81 ||   107
Dodge: Dodged            |    27 |    79 ||   106
Block: Shield            |    14 |    90 ||   104
